 Dungeon Sprint DCSS version 0.27.1-1-g398f81649c (webtiles) character file.

Game seed: 2365374793849405267

166 ugugthedestroyer the Cleaver (level 5, -4/53 HPs)
             Began as a Hill Orc Monk on Sept 7, 2021.
             Was a High Priest of Beogh.
             Slain by a flying skull (8 damage)
             ... in the Dungeon (Sprint VII: "The Pits").
             The game lasted 00:02:10 (501 turns).

ugugthedestroyer the Cleaver (Hill Orc Monk)         Turns: 501, Time: 00:02:10

Health: -4/53      AC: 11    Str: 15    XL:     5   Next: 47%
Magic:  5/5        EV:  8    Int: 10    God:    Beogh [*****.]
Gold:   0          SH:  0    Dex: 13    Spells: 4/4 levels left

rFire    . . .     SeeInvis .   i - +2 hand axe
rCold    . . .     Faith    .   (no shield)
rNeg     . . .     Spirit   .   m - +3 chain mail
rPois    .         Reflect  .   (no helmet)
rElec    .         Harm     .   (no cloak)
rCorr    .         Rampage  .   (no gloves)
Will     .....     NoTele   +   (no boots)
Stlth    ..........             (no amulet)
HPRegen  0.17/turn              (no ring)
MPRegen  0.09/turn              (no ring)

@: lethally poisoned (-4 -> -14)
A: walk on water
a: Renounce Religion, Smiting, Recall Orcish Followers, Give Item to Named
Follower


You were in the Dungeon.
You worshipped Beogh.
Beogh was extremely pleased with you.
You visited 1 branch

Inventory:

Hand Weapons
 a - a +0 hand axe
 i - a +2 hand axe (weapon)
Armour
 b - a +0 robe
 m - a +3 chain mail (worn)
Scrolls
 h - a scroll of blinking
 k - 5 scrolls of amnesia
 l - a scroll of summoning
Potions
 c - 6 potions of curing
 d - 6 potions of heal wounds
 e - a potion of haste
 f - 4 potions of magic
 g - 3 potions of berserk rage
 j - 2 potions of invisibility


   Skills:
 + Level 7.7 Fighting
 + Level 9.4 Axes
 * Level 1.4 Armour
 - Level 5.2 Dodging
 - Level 2.5 Stealth


You had 4 spell levels left.
You didn't know any spells.
Your spell library was empty.

Dungeon Overview and Level Annotations

Branches:
Dungeon (1/1)

Altars:
Ashenzari
Cheibriados
Dithmenos
Elyvilon
Fedhas
Gozag
Hepliaklqana
Kikubaaqudgha
Makhleb
Nemelex Xobeh
Okawaru
Qazlal
Ru
Sif Muna
Trog
Uskayaw
Vehumet
Wu Jian
Xom
Yredelemnul
Zin
The Shining One
Beogh
Jiyva
Lugonu


Message History

You feel very sick. The bullfrog hits you.
The flying skull hits you but does no damage.
The bullfrog hits you.
The gnoll sergeant hits you with a +0 spear of venom.
You are more poisoned.
The gnoll barely misses you. The gnoll hits you with a +0 whip.
You see here a +0 flail.
You completely miss the gnoll sergeant. You hit the gnoll.
You hit the flying skull but do no damage.
You hit the bullfrog. You barely miss the gnoll.
You feel very sick. The flying skull hits you. The bullfrog barely misses you.
The gnoll sergeant hits you with a +0 spear of venom.
The gnoll barely misses you.
You hit the flying skull.
The flying skull is lightly damaged.
You hit the bullfrog. You hit the gnoll.
You kill the gnoll!
Beogh accepts your kill.
You can now walk on water.
You can now give items to your followers.
You hit the gnoll sergeant but do no damage.
You completely miss the gnoll.
You feel very sick.
The flying skull hits you but does no damage.
The bullfrog hits you but does no damage.
The flying skull hits you!
* * * LOW HITPOINT WARNING * * *
You hit the flying skull.
The flying skull is lightly damaged.
You hit the bullfrog but do no damage. You hit the gnoll sergeant.
You hit the gnoll.
* * * LOW HITPOINT WARNING * * *
You feel sick. The bullfrog hits you.
* * * LOW HITPOINT WARNING * * *
The gnoll hits you but does no damage.
The gnoll sergeant hits you with a +0 spear of venom.
* * * LOW HITPOINT WARNING * * *
The flying skull hits you!
You die...

#.#..)..#))#####'##
#.#..####))##......
#.#..#..#))##......
#.#..#..#[.##......
#.##'#..#'###...<..
#.#........##......
#.#........##......
#)###########......
#.@g....# #######
#Fzg....# #.r.#...#
#..## ..# #... .#
#.... # #....
######


You could see a gnoll sergeant, a bullfrog, a flying skull, a gnoll and a
quokka.

Vanquished Creatures
  A floating eye (D)
  3 gnolls (D)
  2 adders (D)
  An ufetubus (D)
  6 jackals (D)
  2 bats (D)
  A quokka skeleton (D)
  A rat (D)
17 creatures vanquished.

Notes
Turn   | Place    | Note
-------+----------+-------------------------------------------
     0 | D        | ugugthedestroyer the Hill Orc Monk began the quest for the
                  | Orb.
     0 | D        | Reached XP level 1. HP: 19/19 MP: 1/1
    57 | D        | Found a bloodstained altar of Trog.
    57 | D        | Found a shimmering blue altar of Sif Muna.
    57 | D        | Found a viscous altar of Jiyva.
    57 | D        | Found a hazy altar of Hepliaklqana.
    57 | D        | Found an opulent altar of Gozag.
    58 | D        | Found a glowing golden altar of the Shining One.
    58 | D        | Found a glowing silver altar of Zin.
    58 | D        | Found a basalt altar of Yredelemnul.
    58 | D        | Found a shimmering altar of Xom.
    58 | D        | Found an ornate altar of the Wu Jian Council.
    58 | D        | Found a sacrificial altar of Ru.
    58 | D        | Found a stormy altar of Qazlal.
    58 | D        | Found an iron altar of Okawaru.
    58 | D        | Found a sparkling altar of Nemelex Xobeh.
    58 | D        | Found a burning altar of Makhleb.
    58 | D        | Found a blossoming altar of Fedhas.
    58 | D        | Found a white marble altar of Elyvilon.
    58 | D        | Found a shadowy altar of Dithmenos.
    58 | D        | Found a snail-covered altar of Cheibriados.
    60 | D        | Found a radiant altar of Vehumet.
    60 | D        | Found a corrupted altar of Lugonu.
    60 | D        | Found a roughly hewn altar of Beogh.
    61 | D        | Found a hide-covered altar of Uskayaw.
    61 | D        | Found an ancient bone altar of Kikubaaqudgha.
    61 | D        | Found a broken altar of Ashenzari.
    70 | D        | Became a worshipper of Beogh the Brigand
    70 | D        | Reached * piety under Beogh
    70 | D        | Reached ** piety under Beogh
   269 | D        | Noticed a floating eye
   276 | D        | Paralysed by a floating eye for 4 turns
   281 | D        | Paralysed by a floating eye for 4 turns
   288 | D        | Killed a floating eye
   289 | D        | Reached skill level 8 in Axes
   289 | D        | Reached XP level 2. HP: 31/31 MP: 2/2
   289 | D        | Reached XP level 3. HP: 38/38 MP: 3/3
   289 | D        | Reached XP level 4. HP: 45/45 MP: 4/4
   294 | D        | Reached XP level 5. HP: 52/52 MP: 5/5
   297 | D        | Reached skill level 5 in Dodging
   297 | D        | Reached *** piety under Beogh
   319 | D        | Reached **** piety under Beogh
   329 | D        | Reached skill level 9 in Axes
   492 | D        | Noticed a flying skull
   497 | D        | Reached skill level 1 in Armour
   500 | D        | Reached ***** piety under Beogh
   501 | D        | Slain by a flying skull

Illustrated notes

Levels and vault maps discovered:
D:        pitsprint [storerooms_1, entrance_room_1, metal_vault_6, armoury_1,
          mini_pit_1, grid_room_1, main_hall_1, silver_pit, the_coven_1,
          the_vestibule_1, steel_vault_4, golden_pit, hallway_of_sentries,
          crystal_vault_5, iron_vault_2, final_vault]

Skill      XL: |  1  2  3  4  5 |
---------------+----------------+-----
Fighting       | 6 7 |  7.7
Axes           | 8 9 |  9.4
Dodging        | 4 5 |  5.2
Stealth        | 2 |  2.5
Armour         | 1 |  1.4

Action                   |  1- 3 |  4- 6 || total
-------------------------+-------+-------++-------
Melee: Hand axe          |    23 |    28 ||    51
Armor: Robe              |     5 |     2 ||     7
       Chain mail        |       |     9 ||     9
Dodge: Dodged            |    21 |    25 ||    46
